 Dungeon Crawl Stone Soup version 0.16-a0-3652-g8567522 (webtiles) character file.

726 Gronka the Shield-Bearer (level 7, -2/61 HPs)
             Began as a Minotaur Fighter on Jan 16, 2015.
             Slain by Menkaure (13 damage)
             ... on level 5 of the Dungeon.
             The game lasted 00:12:22 (4206 turns).

Gronka the Shield-Bearer (Minotaur Fighter)         Turns: 4206, Time: 00:12:22

Health: -2/61      AC: 11    Str: 23    XL:     7   Next: 44%
Magic:  3/3        EV:  7    Int:  5    God:
Gold:   174        SH: 11    Dex: 11    Spells: 0 memorised, 6 levels left

rFire  . . .     SeeInvis .     a - +0 trident
rCold  . . .     Clarity  .     u - +1 chain mail
rNeg   . . .     SustAb   .     c - +0 shield
rPois  .         Gourm    .     (helmet restricted)
rElec  .         Spirit   .     (no cloak)
rCorr  .         Warding  .     (no gloves)
rMut   .         Stasis   .     (no boots)
MR     .....                    (no amulet)
Stlth  ..........               (no ring)
                                (no ring)

@: not resistant to hostile enchantments, extremely unstealthy
A: retaliatory headbutt, horns 2, agile 1
a: no special abilities


You were on level 5 of the Dungeon.
You were not hungry.

You visited 1 branch of the dungeon, and saw 5 of its levels.

You collected 174 gold pieces.

Inventory:

Hand weapons
 a - a +0 trident (weapon)
Armour
 b - a +0 scale mail
 c - a +0 shield (worn)
 u - a +1 chain mail (worn)
Scrolls
 f - 2 scrolls of blinking
 g - a scroll of remove curse
 h - 2 scrolls of enchant armour
Potions
 e - a potion of might
 r - a potion of agility
Comestibles
 d - 5 bread rations
 m - 2 royal jellies
 o - a meat ration
 w - a beef jerky
 x - 3 fruits


   Skills:
 + Level 5.4 Fighting
 + Level 4.7 Polearms
 + Level 5.7 Armour
 + Level 2.8 Dodging
 + Level 0.1 Stealth
 + Level 6.6 Shields


You had 6 spell levels left.
You didn't know any spells.

Dungeon Overview and Level Annotations

Branches:
Dungeon (5/15)
 Temple: D:4-7

Altars:
Qazlal
Trog
Yredelemnul

Annotations:
D:4 Eustachio
D:5 Menkaure


Innate Abilities, Weirdness & Mutations

You reflexively headbutt those who attack you in melee.
You have a pair of horns on your head.
You are agile. (Dex +2)


Message History

Your body is wracked with pain!
* * * LOW HITPOINT WARNING * * *
The giant newt bites you but does no damage.
Menkaure hits you but does no damage.
You feel better.
The giant newt bites you but does no damage.
You block Menkaure's attack.
You hit Menkaure but do no damage.
Menkaure is severely damaged.
Menkaure gestures at you while chanting.
Pain shoots through your body!
* * * LOW HITPOINT WARNING * * *
The giant newt barely misses you.
You are too injured to fight recklessly!
You are too injured to fight recklessly!
You are too injured to fight recklessly!
You hit Menkaure.
Menkaure is almost destroyed.
Menkaure hits you!
You die...

### .# #.# #.. ..##.#
#># ### #.#.$ #.# #
##.#.# #.# #
..<.#####.###### #
#.#.............
#.#.#####.#.#.###.######
...............# #.#
#......l@....#.###.#
..)##.##M#####.....# #
#.#######.###
..........# ..#.########
#. .# ## ##


You could see Menkaure and a giant newt.

Vanquished Creatures
  A phantom (D:4)
  Duvessa (D:5)
  An ogre (D:4)
  Blork the orc (D:4)
  A scorpion (D:4)
  Dowan (D:5)
  2 vampire bats (D:4)
  2 iron imps (D:4)
  A quasit (D:4)
  An orc priest (D:3)
  A hound (D:4)
  An orc wizard (D:3)
  A worker ant (D:4)
  Ijyb (D:4)
  2 river rats (D:4)
  5 adders
  2 shadow imps (D:4)
  2 worms (D:3)
  An ufetubus (D:4)
  A giant gecko (D:2)
  8 orcs
  A bat zombie (D:5)
  4 giant cockroaches
  12 hobgoblins
  4 jackals (D:1)
  6 kobolds
  2 quokkas
  4 ball pythons
  14 bats
  A giant gecko skeleton (D:4)
  4 giant newts
  8 goblins
  9 rats
106 creatures vanquished.

Notes
Turn   | Place    | Note
--------------------------------------------------------------
     0 | D:1      | Gronka, the Minotaur Fighter, began the quest for the Orb.
     0 | D:1      | Reached XP level 1. HP: 19/19 MP: 1/1
   230 | D:1      | Reached XP level 2. HP: 20/27 MP: 1/1
   339 | D:1      | Reached skill level 4 in Shields
   742 | D:1      | You fall through a shaft!
   823 | D:2      | Reached XP level 3. HP: 33/33 MP: 2/2
   946 | D:2      | Found a bloodstained altar of Trog.
  1368 | D:3      | Reached skill level 1 in Dodging
  1368 | D:3      | Reached XP level 4. HP: 33/40 MP: 2/2
  1488 | D:3      | Reached skill level 5 in Shields
  1846 | D:3      | Reached XP level 5. HP: 41/47 MP: 2/2
  2042 | D:3      | Found a basalt altar of Yredelemnul.
  2042 | D:3      | Found a stormy altar of Qazlal.
  2222 | D:4      | Noticed Blork the orc
  2233 | D:4      | Killed Blork the orc
  2446 | D:4      | Noticed Eustachio
  2610 | D:4      | Noticed an ogre
  2634 | D:4      | Killed an ogre
  2634 | D:4      | Reached XP level 6. HP: 4/55 MP: 3/3
  2677 | D:4      | Gained mutation: You are agile. (Dex +2) [potion of beneficial mutation]
  2704 | D:4      | HP: 2/55 [shadow imp/nerve-wracking pain[Eustachio] (7)]
  3036 | D:4      | Noticed a phantom
  3072 | D:4      | Killed a phantom
  3072 | D:4      | Reached skill level 5 in Fighting
  3072 | D:4      | Reached skill level 6 in Shields
  3091 | D:4      | Noticed Ijyb
  3359 | D:4      | Killed Ijyb
  3461 | D:4      | Reached skill level 5 in Armour
  3814 | D:4      | Reached XP level 7. HP: 52/61 MP: 3/3
  4138 | D:5      | Entered Level 5 of the Dungeon
  4138 | D:5      | Noticed Duvessa
  4138 | D:5      | Noticed Dowan
  4155 | D:5      | Killed Duvessa
  4161 | D:5      | Killed Dowan
  4194 | D:5      | Noticed Menkaure
  4206 | D:5      | Slain by Menkaure

Action                   |  1- 3 |  4- 6 |  7- 9 || total
-------------------------+-------+-------+-------++-------
Melee: Trident           |   119 |   287 |    59 ||   465
  Use: Potion            |       |     8 |     1 ||     9
       Scroll            |       |    10 |       ||    10
  Eat: Bread ration      |     1 |     1 |       ||     2
       Meat ration       |       |     1 |       ||     1
